 Dungeon Crawl Stone Soup version 0.20.1-1-g8b1a95d (webtiles) character file.

110 vineage the Cudgeler (level 4, 0/28 HPs)
             Began as a Gargoyle Fighter on Oct 7, 2017.
             Slain by Natasha (2 damage)
             ... on level 2 of the Dungeon.
             The game lasted 00:01:39 (1243 turns).

vineage the Cudgeler (Gargoyle Fighter)             Turns: 1243, Time: 00:01:41

Health: 0/28       AC: 10    Str: 19    XL:     4   Next: 91%
Magic:  4/4        EV:  7    Int:  9    God:
Gold:   19         SH:  9    Dex: 10    Spells: 3/3 levels left

rFire    . . .     SeeInvis .   a - +0 flail
rCold    . . .     Gourm    .   c - +0 shield
rNeg     + . .     Faith    .   b - +0 scale mail
rPois    ∞         Spirit   .   (no helmet)
rElec    +         Reflect  .   (no cloak)
rCorr    .         Harm     .   (no gloves)
MR       .....                  (no boots)
Stlth    ..........             (no amulet)
Regen    0.1/turn               (no ring)
MPRegen  0.1/turn               (no ring)

@: no status effects
A: negative energy resistance 1, electricity resistance, unbreathing,
petrification resistance, rot immunity, AC +3
a: no special abilities


You were on level 2 of the Dungeon.
You were not hungry.

You visited 1 branch of the dungeon, and saw 2 of its levels.

You collected 19 gold pieces.

Inventory:

Hand Weapons
 a - a +0 flail (weapon)
Armour
 b - a +0 scale mail (worn)
 c - a +0 shield (worn)
 p - a +0 pair of gloves
Jewellery
 q - a +3 amulet of reflection {unknown}
Scrolls
 e - a scroll of fear {unknown}
 m - a scroll of immolation {unknown}
 o - 2 scrolls of identify {unknown}
 s - a scroll of fog {unknown}
 t - a scroll of teleportation {unknown}
Potions
 d - a potion of might
 h - a potion of curing {unknown}
 i - a potion of berserk rage {unknown}
 k - a potion of degeneration {unknown}
 l - a potion of haste {unknown}
Books
 n - a book of Minor Magic

   Spells                             Type                      Level
   a - Magic Dart                     Conjuration                  1
   b - Blink                          Translocation                2
   c - Call Imp                       Summoning                    2
   d - Slow                           Hexes                        2
   e - Conjure Flame                  Conjuration/Fire             3
   f - Mephitic Cloud                 Conjuration/Poison/Air       3
Comestibles
 f - a bread ration
 g - 2 meat rations
 j - 2 royal jellies
 r - a chunk of flesh


   Skills:
 - Level 3.3 Fighting
 + Level 4.8 Maces & Flails
 - Level 3.2 Armour
 - Level 3.2 Shields


You had 3 spell levels left.
You didn't know any spells.

Dungeon Overview and Level Annotations

Branches:
Dungeon (2/15)

Altars:

Annotations:
D:2 Natasha


Innate Abilities, Weirdness & Mutations

You are resistant to torment.
Your stone body is resilient. (AC +3)
You are immune to poison.
You resist negative energy. (rN+)
You are resistant to electric shocks. (rElec)
You can survive without breathing.
You are immune to petrification.
You are immune to rotting.


Message History

You block the white imp's attack.
Natasha mumbles some strange words.
You hit Natasha.
Natasha is heavily wounded.
The white imp completely misses you. Natasha completely misses you.
You block the white imp's attack.
You barely miss Natasha.
Natasha is heavily wounded.
You block the white imp's attack.
Natasha casts a spell.
The white imp puffs mist at you. You block the white imp's attack.
Your shield and scale mail prevent you from hitting Natasha.
Natasha is heavily wounded.
The white imp hits you.
* * * LOW HITPOINT WARNING * * *
The white imp freezes you.
* * * LOW HITPOINT WARNING * * *
Natasha claws you.
You die...

#..........#######
#)..........#...###
#.#.##...........##
#.#...............#
#...###............
##..###............
#...###...........
#55...##...#....).
#@###>.....#####.#
#..5h.# #####....##.(
#.....######.........
#..................##
#.....##..........##
####.###......##..###
#..##.............
..................
.#.............


You could see Natasha, a crimson imp and 2 white imps.

Vanquished Creatures
  Natasha (twice) (D:2)
  2 adders (D:2)
  2 oozes (D:2)
  A worm (D:2)
  A dart slug (D:1)
  5 bats
  2 giant cockroaches
  A goblin (D:2)
  5 hobgoblins (D:1)
  5 kobolds
  2 ball pythons (D:1)
  A frilled lizard (D:1)
  3 rats
32 creatures vanquished.

Notes
Turn   | Place    | Note
-------+----------+-------------------------------------------
     0 | D:1      | vineage the Gargoyle Fighter began the quest for the Orb.
     0 | D:1      | Reached XP level 1. HP: 14/14 MP: 1/1
   107 | D:1      | Reached XP level 2. HP: 7/19 MP: 2/2
   411 | D:1      | Reached skill level 3 in Maces & Flails
   808 | D:2      | Reached XP level 3. HP: 22/23 MP: 3/3
  1083 | D:2      | Reached skill level 4 in Maces & Flails
  1131 | D:2      | Noticed Natasha
  1138 | D:2      | Reached XP level 4. HP: 28/28 MP: 4/4
  1144 | D:2      | Killed Natasha
  1206 | D:2      | Noticed Natasha
  1216 | D:2      | Killed Natasha
  1228 | D:2      | Noticed Natasha
  1243 | D:2      | Slain by Natasha

Skill      XL: |  1  2  3 |
---------------+----------+-----
Maces & Flails | 3 4 |  4.8
Fighting       | |  3.3
Armour         | |  3.2
Shields        | |  3.2

Action                   |  1- 3 |  4- 6 || total
-------------------------+-------+-------++-------
Melee: Flail             |   119 |    30 ||   149
  Eat: Chunk             |       |     1 ||     1
Armor: Scale mail        |    66 |    17 ||    83
Dodge: Dodged            |    38 |    14 ||    52
Block: Shield            |    65 |    17 ||    82
